 Dungeon Crawl Stone Soup version 0.32-a0-473-gd044c6f0f0 (webtiles) character file.

Game seed: 15910752917997121022

571 Sobieck the Magician (level 7, 0/59 HPs)
             Began as an Oni Conjurer on Feb 25, 2024.
             Shot with an arrow by a centaur (14 damage)
             ... on level 5 of the Dungeon.
             The game lasted 00:07:28 (4397 turns).

Sobieck the Magician (Oni Conjurer)                 Turns: 4397, Time: 00:07:28

Health: 0/59       AC:  3    Str: 12    XL:     7   Next: 34%
Magic:  13/15      EV:  9    Int: 21    God:
Gold:   227        SH:  0    Dex:  7    Spells: 6/17 levels left

rFire   . . .        h - +2 dagger (venom)
rCold   . . .        (no shield)
rNeg    . . .        a - +0 robe
rPois   .            (helmet restricted)
rElec   .            (no cloak)
rCorr   .            (gloves unavailable)
SInv    .            (boots unavailable)
Will    .....        (no amulet)
Stlth   +            u - ring of wizardry
HPRegen 0.29/turn    (no ring)
MPRegen 0.14/turn

%: wizardry (x1)
@: no status effects
A: large, unfitting armour, horns 1, tough skin 1, double potion healing,
drunken brawling
a: no special abilities


You were on level 5 of the Dungeon.
You visited 2 branches of the dungeon, and saw 6 of its levels.

You collected 227 gold pieces.

Inventory:

Hand Weapons
 f - a +0 short sword
 h - a +2 dagger of venom (weapon)
 k - the +2 rapier "Osinosh" {drain, Str+4}
   (You found it on level 2 of the Dungeon)

   Str+4:     It affects your strength (+4).
 l - the +2 dagger "Luzibol" {flame, Str+4}
   (You found it on level 2 of the Dungeon)

   Str+4:     It affects your strength (+4).
Armour
 a - a +0 robe (worn)
Jewellery
 u - a ring of wizardry (left hand)
Wands
 E - a wand of charming (7)
Scrolls
 e - a scroll of butterflies
 j - a scroll of fear {unknown}
 m - a scroll of vulnerability
 p - a scroll of fog
 t - a scroll of amnesia
Potions
 b - a potion of magic
 c - 2 potions of brilliance
 d - a potion of cancellation {unknown}
 g - a potion of attraction {unknown}
 i - a potion of heal wounds {unknown}
 n - a potion of mutation {unknown}
 o - a potion of lignification {unknown}
 q - a potion of degeneration {unknown}
 Q - 2 potions of curing


   Skills:
 - Level 1.7 Dodging
 - Level 1.4 Stealth
 + Level 5.6 Spellcasting
 + Level 5.6 Conjurations
 + Level 3.1 Hexes


You had 6 spell levels left.
You knew the following spells:

 Your Spells              Type           Power      Damage    Failure   Level
a - Magic Dart            Conj           100%       1d8       1%          1
b - Searing Ray           Conj           58%        2d6       1%          2
c - Fulminant Prism       Conj/Alch      8%         3d7       13%         4
d - Iskenderun's Mystic   Conj/Tloc      17%        2d5       13%         4

Your spell library contained the following spells:

 Spells                   Type           Power      Damage    Failure   Level
 Summon Ice Beast         Ice/Summ       5%         N/A       12%         3
 Summon Mana Viper        Hex/Summ       12%        N/A       50%         5
 Monstrous Menagerie      Summ           2%         N/A       100%        7


Dungeon Overview and Level Annotations

Branches:
Dungeon (5/15)             Temple (1/1) D:4

Altars:
Ashenzari
Cheibriados
Dithmenos
Elyvilon
Fedhas
Gozag
Hepliaklqana
Kikubaaqudgha
Makhleb
Nemelex Xobeh
Okawaru
Qazlal
Sif Muna
Trog
Uskayaw
Wu Jian
Xom
Yredelemnul
Zin
The Shining One

Annotations:
D:3 Sigmund


Innate Abilities, Weirdness & Mutations

You are too large for most types of armour.
You have a pair of small horns on your head.
You have tough skin. (AC +1)
You gain doubled healing and magic from potions.
Whenever you drink a healing potion, you attack all around you.


Message History

You kill the adder!
You can't see any susceptible monsters within range! (Use Z to cast anyway.) HP restored.
Magic restored.
You see here an iguana corpse.
You see here an adder corpse.
j - a scroll labelled ATWEMY ZAOTWANN
Found a stone staircase leading up.
m - a scroll of vulnerability You now have 220 gold pieces (gained 14).
Found a buckler.
You now have 227 gold pieces (gained 7).
q - a sapphire potion Unknown command.
Unknown command.
A centaur comes into view.
The centaur shouts!
You hear a shout!
The centaur wields a +0 orcbow.
The centaur shoots an arrow.
The arrow barely misses you.
Danger!
A centaur comes into view.
The centaur wields a +0 orcbow.
The centaur shoots an arrow.
The arrow hits you.
A shadow imp comes into view.
The centaur shoots an arrow.
The arrow hits you!!
* * * LOW HITPOINT WARNING * * *
The shadow imp shouts, "Begone, thou odious ditch-delivered harpy!"
The centaur shoots an arrow.
The arrow hits you!
* * * LOW HITPOINT WARNING * * *
The centaur shoots an arrow.
The arrow hits you!
* * * LOW HITPOINT WARNING * * *
The centaur shoots an arrow.
The arrow barely misses you.
Found a manual of Long Blades.
The centaur unwields a +0 orcbow.
The centaur hits you.
* * * LOW HITPOINT WARNING * * *
The centaur closely misses you. The shadow imp misses you.
Unknown command.
Unknown command.
Casting: Magic Dart (safe; 1% risk of failure)
Confirm with . or Enter, or press ? or * to list all spells.
Aiming: Searing Ray (safe; 1% risk of failure)
Press: ? - help, Shift-Dir - straight line, f - centaur
Aim: a centaur, wielding a +0 orcbow (87% to hit)
The searing ray hits the centaur.
The centaur is moderately wounded.
The searing ray hits the centaur.
The centaur is moderately wounded. (Press . to maintain the ray.)
The centaur shoots an arrow.
The arrow hits you!
You die...

#.....##...........#
###### #........####
####........####
................
####.........###
###..........#
#.........#..#
#..##.##.......
#.##@c.##[...#.
#..#5.##.#......
.....c: ...#..##
...#.##. #.#..#
.....## .# .# .#
.... # # ... ...


You could see 2 centaurs and a shadow imp.

Vanquished Creatures
  An ogre (D:4)
  A phantom (D:4)
  A scorpion (D:4)
  A bombardier beetle (D:4)
  A jelly (D:4)
  An orc priest (D:3)
  3 iguanas
  Natasha (thrice) (D:3)
  Robin (D:2)
  3 adders
  A white imp (D:5)
  4 orcs (D:3)
  An endoplasm (D:1)
  2 giant cockroaches
  14 goblins
  4 hobgoblins
  4 jackals (D:2)
  A quokka (D:2)
  9 ball pythons
  3 bats
  4 frilled lizards
  7 kobolds
  2 rats
72 creatures vanquished.

Notes
Turn   | Place    | Note
-------+----------+-------------------------------------------
     0 | D:1      | Sobieck the Oni Conjurer began the quest for the Orb.
     0 | D:1      | Reached XP level 1. HP: 16/16 MP: 3/3
     0 | D:1      | Noticed a barachi
     1 | D:1      | Noticed a tengu
     6 | D:1      | Noticed a vine stalker
    11 | D:1      | Noticed an armataur
    13 | D:1      | Noticed a djinni
    19 | D:1      | Noticed an oni
    21 | D:1      | Noticed a minotaur
   363 | D:1      | Reached XP level 2. HP: 24/24 MP: 3/5
   942 | D:2      | Noticed Robin
   992 | D:2      | Reached skill level 3 in Spellcasting
  1077 | D:2      | Identified the +2 rapier "Osinosh" {drain, Str+4}
  1085 | D:2      | Learned a level 2 spell: Searing Ray
  1292 | D:2      | Reached XP level 3. HP: 31/31 MP: 3/7
  1347 | D:2      | Identified the +2 dagger "Luzibol" {flame, Str+4}
  1662 | D:2      | Killed Robin
  1742 | D:2      | Reached XP level 4. HP: 39/39 MP: 6/9
  2016 | D:2      | Learned a level 4 spell: Fulminant Prism
  2167 | D:3      | Noticed Sigmund
  2485 | D:3      | Noticed Natasha
  2490 | D:3      | Killed Natasha
  2556 | D:3      | Noticed Natasha
  2567 | D:3      | Killed Natasha
  2568 | D:3      | Reached skill level 1 in Hexes
  2568 | D:3      | Reached XP level 5. HP: 45/45 MP: 3/11
  2924 | D:3      | Noticed Natasha
  2932 | D:3      | Killed Natasha
  3023 | D:4      | Learned a level 4 spell: Iskenderun's Mystic Blast
  3117 | D:4      | Found a staircase to the Ecumenical Temple.
  3127 | Temple   | Entered the Ecumenical Temple
  3195 | D:4      | You fall into a shaft and drop 1 floor!
  3195 | D:5      | Entered Level 5 of the Dungeon
  3212 | D:4      | Noticed a phantom
  3220 | D:4      | Killed a phantom
  3221 | D:4      | Reached XP level 6. HP: 45/53 MP: 2/13
  3966 | D:4      | Reached XP level 7. HP: 44/59 MP: 1/15
  4144 | D:4      | Reached skill level 3 in Hexes
  4397 | D:5      | Shot with an arrow by a centaur

Illustrated notes

Levels and vault maps discovered:
D:1:      shiori_arrival_whats_in_store_for_you, layout_basic
D:2:      layout_rooms, uniq_robin
D:3:      layout_basic, uniq_natasha, uniq_sigmund
D:4:      layout_loops_cross, minmay_temple_entry_statues_pillars,
          grunt_decor_arrowhead
D:5:      layout_rooms, st_stairs_1, minmay_manual_mares
Temple:   nicolae_temple_bog_church

Skill      XL: |  1  2  3  4  5  6  7 |
---------------+----------------------+-----
Spellcasting   | 3 4 5 |  5.6
Conjurations   | 4 5 |  5.6
Hexes          | 1 2 3 |  3.1
Dodging        | |  1.7
Stealth        | |  1.4

Action                     |  1- 3 |  4- 6 |  7- 9 || total
---------------------------+-------+-------+-------++-------
  Melee: Dagger            |       |     7 |       ||     7
         Headbutt          |       |     1 |       ||     1
   Cast: Magic Dart        |    39 |    47 |    10 ||    96
         Searing Ray       |     7 |    19 |     3 ||    29
    Use: Scroll            |       |     9 |       ||     9
 Armour: Robe              |     9 |    15 |     8 ||    32
  Dodge: Dodged            |     4 |    14 |     4 ||    22

Table legend: (Time is in decaauts)
 A = Elapsed time spent in this place.
 B = Non-inter-level travel time spent in this place.
 C = Inter-level travel time spent in this place.
 D = Time resting spent in this place.
 E = Time spent auto-exploring this place.
 F = Levels seen in this place.
 G = Mean time per level.
                   A        B        C        D        E       F      G
               +--------+--------+--------+--------+--------+-----+--------+
         Total |   4409 |   4182 |    227 |    772 |   2862 |   6 |  734.8 |
       Dungeon |   4407 |   4180 |    227 |    772 |   2862 |   5 |  881.4 |
        Temple |      1 |      1 |      0 |      0 |      0 |   1 |    1.0 |
               +--------+--------+--------+--------+--------+-----+--------+

Top non-repeatable levels by time:
     D:4: 1232 daAuts
     D:1: 1035 daAuts
     D:2: 1032 daAuts
     D:3: 978 daAuts
     D:5: 130 daAuts
  Temple: 1 daAuts
